Map: Tropical Sacrifice

Players

Solar - Winner!

  • Race: Zerg Zerg
  • Spawn Location: 1:00

Neeb

  • Race: Protoss Protoss
  • Spawn Location: 7:00

Event: DreamHack SC2 Masters 2022 Atlanta (Offline)

VOD

Have the link to the VOD?

Description

Time

  • Played on: Nov. 18, 2022, 6:56 p.m.
  • Length: 9:07

All games in this series

Show
View Real Time Build Order
Export as new Build Order

Solar Zerg - Winner!

Build Orders: Hatch First 

Get SALT Encoding   

  12  0:00  Drone  
  13  0:12  Overlord  
  13  0:17  Drone  
  14  0:31  Drone x2  
  16  0:48  Hatchery  
  15  0:53  Drone  
  15  0:56  Drone  
  17  0:59  Drone  
  17  1:04  Extractor  
  17  1:16  Spawning Pool  
  16  1:19  Drone  
  16  1:22  Drone  
  18  1:28  Drone  
  19  1:38  Drone  
  20  1:49  Overlord  
  20  2:02  Queen x2  
  20  2:03  Zergling x2  
  20  2:04  Zergling x2  
  26  2:10  Metabolic Boost  
  26  2:15  Drone  
  26  2:17  Drone  
  26  2:22  Drone x2  
  30  2:39  Hatchery  
  30  2:41  Drone  
  30  2:47  Queen  
  32  2:51  Overlord  
  32  2:55  Drone  
  32  2:57  Drone  
  34  3:00  Drone x2  
  36  3:10  Drone x4  
  40  3:13  Drone  
  40  3:18  Queen  
  43  3:21  Overlord  
  43  3:24  Drone  
  44  3:30  Spore Crawler  
  44  3:31  Zergling x2  
  44  3:39  Queen  
  44  3:40  Zergling x2  
  44  3:41  Zergling x4  
  49  3:43  Drone  
  49  3:44  Drone  
  49  3:46  Drone  
  52  3:51  Queen  
  52  3:52  Drone  
  55  3:56  Drone  
  55  3:59  Overlord  
  55  4:00  Drone x2  
  58  4:05  Evolution Chamber  
  58  4:09  Overlord  
  56  4:13  Drone x2  
  57  4:17  Queen  
  57  4:21  Drone x5  
  57  4:23  Drone  
  65  4:31  Drone x4  
  69  4:32  Drone  
  69  4:34  Zerg Melee Weapons Level 1  
  69  4:38  Drone  
  70  4:40  Drone  
  70  4:43  Drone  
  71  4:46  Drone  
  71  4:47  Drone  
  71  4:48  Overlord  
  73  4:53  Overlord  
  73  4:54  Queen  
  73  4:57  Overlord  
  73  4:59  Spore Crawler, Extractor  
  72  5:01  Zergling x4  
  72  5:04  Overlord  
  74  5:11  Zergling x2  
  74  5:17  Lair  
  74  5:18  Zergling x6  
  74  5:19  Zergling x4  
  79  5:21  Hatchery  
  79  5:22  Drone x3, Extractor  
  79  5:25  Drone x2  
  82  5:31  Baneling Nest  
  82  5:33  Drone x5  
  82  5:34  Drone  
  87  5:36  Extractor  
  87  5:38  Zergling x4, Extractor  
  87  5:39  Zergling x2  
  87  5:40  Zergling x2  
  89  5:47  Drone x3  
  92  5:53  Zergling x4  
  92  5:55  Overlord  
  92  5:56  Drone x2  
  92  5:57  Drone  
  97  6:02  Drone x2  
  97  6:03  Drone  
  99  6:04  Zergling x4  
  99  6:11  Zergling x8  
  102  6:18  Zergling x2  
  97  6:20  Drone  
  97  6:22  Hydralisk Den  
  97  6:23  Drone  
  98  6:26  Drone  
  98  6:31  Drone x2  
  101  6:33  Zergling x8  
  101  6:34  Hatchery  
  101  6:35  Drone x3  
  101  6:36  Zerg Melee Weapons Level 2  
  107  6:40  Zergling x2  
  107  6:41  Overlord  
  107  6:43  Zergling x6  
  107  6:44  Drone  
  107  6:46  Drone  
  110  6:50  Zergling x2  
  110  6:52  Grooved Spines  
  110  6:54  Drone x2  
  110  6:55  Drone, Extractor  
  110  7:00  Overlord  
  110  7:02  Hydralisk x3  
  110  7:03  Centrifugal Hooks  
  110  7:05  Hydralisk  
  110  7:06  Hydralisk x2  
  110  7:07  Hydralisk x2  
  126  7:12  Overseer  
  126  7:15  Overlord  
  126  7:16  Zergling x2  
  126  7:17  Overlord  
  126  7:18  Hydralisk x3, Overlord  
  126  7:22  Hydralisk  
  135  7:24  Overlord  
  135  7:27  Overlord  
  135  7:35  Hydralisk x5  
  145  7:38  Zergling x10  
  145  7:41  Zergling x4  
  145  7:43  Hydralisk  
  145  7:44  Hydralisk  
  152  7:47  Zergling x8  
  152  7:51  Hydralisk x3  
  160  7:52  Zergling x2  
  160  7:58  Zergling x8  
  171  7:59  Overlord x2  
  171  8:01  Zergling x4  
  171  8:04  Zergling x4  
  175  8:07  Baneling  
  175  8:08  Baneling x11  
  175  8:09  Baneling  
  175  8:11  Zergling x10  
  180  8:14  Baneling x3  
  180  8:15  Zergling x4  
  180  8:16  Overlord  
  180  8:19  Zergling x12  
  188  8:25  Baneling x7  
  188  8:26  Zergling x2  
  188  8:27  Zergling x4  
  189  8:29  Zergling x8  
  186  8:34  Zergling x12  
  186  8:39  Baneling  
  185  8:44  Baneling x11  
  185  8:47  Zergling x16  
  193  8:50  Baneling x4  
Show
View Real Time Build Order
Export as new Build Order

Neeb Protoss 

Build Orders: 1 Gate Expand, Double Forge, Oracle Opening, Zealot Archon 

Get SALT Encoding   

  12  0:00  Probe  
  13  0:12  Probe  
  14  0:18  Pylon  
  14  0:24  Probe  
  15  0:36  Probe (Chrono Boost)  
  15  0:39  Gateway  
  16  0:46  Probe (Chrono Boost)  
  16  0:47  Assimilator  
  17  0:51  Probe (Chrono Boost)  
  18  1:03  Probe  
  19  1:15  Probe  
  20  1:26  Nexus  
  20  1:35  Cybernetics Core  
  20  1:38  Probe  
  21  1:43  Assimilator  
  21  1:51  Probe  
  21  1:53  Pylon  
  22  2:03  Probe (Chrono Boost)  
  23  2:11  Adept  
  23  2:13  Probe (Chrono Boost)  
  26  2:18  Probe (Chrono Boost)  
  26  2:21  Stargate  
  27  2:29  Probe (Chrono Boost)  
  28  2:30  Warp Gate  
  29  2:38  Probe (Chrono Boost)  
  29  2:39  Probe (Chrono Boost)  
  29  2:41  Adept  
  32  2:47  Probe (Chrono Boost)  
  32  2:48  Probe (Chrono Boost)  
  34  2:52  Probe (Chrono Boost)  
  34  2:55  Probe  
  36  3:03  Oracle (Chrono Boost), Pylon  
  36  3:04  Probe  
  37  3:07  Probe  
  41  3:16  Probe  
  41  3:19  Probe  
  43  3:28  Probe  
  43  3:29  Nexus  
  43  3:32  Probe  
  45  3:35  Oracle (Chrono Boost)  
  45  3:41  Probe  
  49  3:44  Probe  
  49  3:45  Pylon  
  50  3:50  Gateway  
  50  3:53  Probe  
  51  3:56  Probe  
  51  3:59  Pylon  
  52  4:04  Assimilator x2  
  52  4:05  Probe  
  52  4:08  Probe  
  54  4:17  Probe  
  54  4:18  Adept  
  54  4:20  Shield Battery, Probe  
  58  4:29  Probe  
  58  4:30  Forge  
  59  4:31  Twilight Council  
  59  4:33  Probe  
  60  4:38  Forge  
  60  4:41  Probe  
  60  4:43  Adept  
  60  4:44  Adept  
  60  4:45  Probe  
  64  4:46  Probe  
  64  4:53  Probe (Chrono Boost)  
  64  4:57  Probe (Chrono Boost)  
  64  4:58  Probe (Chrono Boost), Blink (Chrono Boost)  
  65  5:06  Probe (Chrono Boost)  
  67  5:08  Probe (Chrono Boost)  
  67  5:09  Probe (Chrono Boost)  
  67  5:11  Protoss Ground Weapons Level 1 (Chrono Boost)  
  67  5:12  Probe (Chrono Boost)  
  67  5:13  Probe (Chrono Boost)  
  69  5:14  Probe (Chrono Boost)  
  69  5:16  Protoss Ground Armor Level 1 (Chrono Boost)  
  69  5:20  Probe  
  72  5:21  Pylon  
  72  5:24  Probe  
  72  5:25  Probe  
  72  5:26  Sentry  
  77  5:35  Probe  
  77  5:36  Probe  
  77  5:40  Gateway  
  78  5:45  Gateway  
  78  5:47  Gateway  
  78  5:49  Gateway  
  78  5:50  Nexus  
  78  5:52  Pylon  
  78  5:56  Templar Archives  
  79  5:57  Probe x2  
  79  5:59  Probe  
  81  6:07  Stalker x2  
  81  6:10  Probe  
  86  6:12  Probe x2, Assimilator  
  86  6:13  Assimilator  
  82  6:19  Shield Battery  
  82  6:22  Probe, Pylon  
  82  6:24  Probe  
  84  6:27  Probe  
  85  6:34  Probe, Stalker  
  85  6:35  Stalker x2, Pylon  
  85  6:36  Probe  
  85  6:39  Probe  
  94  6:43  Pylon  
  94  6:44  Stalker x3  
  94  6:46  Probe  
  95  6:48  Probe  
  95  6:51  Probe, Assimilator  
  95  6:54  Assimilator  
  97  6:56  Charge (Chrono Boost)  
  97  6:58  Probe  
  98  7:01  Gateway  
  98  7:02  Gateway  
  98  7:04  Gateway, High Templar x2  
  98  7:06  High Templar  
  98  7:07  High Templar  
  98  7:08  Archon  
  106  7:10  Probe x2  
  106  7:11  Stalker  
  106  7:12  Archon  
  106  7:13  Stalker  
  106  7:14  Probe  
  106  7:15  Probe  
  114  7:20  Robotics Facility  
  114  7:25  Probe  
  114  7:27  Probe  
  114  7:28  Probe x2  
  118  7:35  Psionic Storm  
  118  7:37  Probe  
  118  7:39  Probe  
  118  7:40  Probe  
  118  7:41  Probe, Stalker  
  118  7:43  Zealot x2  
  118  7:44  Zealot x2  
  132  7:51  Photon Cannon  
  132  7:52  Photon Cannon  
  132  8:00  Pylon x2  
  132  8:01  Pylon x2  
  132  8:02  Shield Battery  
  132  8:05  Photon Cannon  
  132  8:07  Pylon  
  132  8:18  High Templar  
  132  8:19  High Templar x3  
  140  8:20  High Templar  
  140  8:21  High Templar  
  140  8:22  Zealot x3  
  150  8:31  Archon x3  
  143  8:34  Probe  
  143  8:36  Probe x2  
  142  8:45  Stalker  
  142  8:46  Stalker x2  
  146  8:53  Gateway x2, Stalker  
  146  8:54  Gateway, Stalker x2  
  146  8:55  Gateway  
  148  8:56  Gateway  
  148  8:59  Gateway  
Tags
 
Add a new tag
Caveats
  • Supply blocks, unpowered buildings, or Contaminate may cause inaccurate times.
  • Supply counts are checked every 10 seconds.